cohdb
Replays
Latest Replays
All Replays
Popular Replays
Top Player Replays
Match Explorer
How It Works
Community
CoH3 Stats
Reddit
Sign in to upload your games and track your stats! →
Sign in with Steam
Match 40910090
Unlisted
Match 40910090
Overview
Messages
Build Orders
End
Pioneer Squad
Construct Infanterie Kompanie
Grenadier Squad
Grenadier Squad
Grenadier Squad
MG 42 Machine Gun Team
Infanterie Officer Quarters
Construct Panzergrenadier Kompanie
Selects Mechanized Battlegroup
Selects Raid Package
Pak 40 Anti-tank Gun Team
Selects StuG Assault Group
StuG Assault Group
Pak 40 Anti-tank Gun Team
^3
Genius Malignus
0
0
Comments
sign in to comment!
No comments posted yet!